 Dungeon Crawl Stone Soup version 0.31-a0-257-gf185e81a89 (webtiles) character file.

Game seed: 4285428528763564467

105 qw the Shooter (level 4, -1/36 HPs)
             Began as a Minotaur Hexslinger on July 12, 2023.
             Slain by Pikel
             ... wielding a +0 whip of flaming
              (3 damage)
             ... on level 3 of the Dungeon.
             The game lasted 00:00:49 (2045 turns).

qw the Shooter (Minotaur Hexslinger)                Turns: 2045, Time: 00:00:49

Health: -1/36      AC:  7    Str: 12    XL:     4   Next: 53%
Magic:  4/4        EV: 11    Int: 10    God:
Gold:   165        SH:  0    Dex: 15    Spells: 4/5 levels left

rFire   . . .        Y - +2 sling (drain)
rCold   . . .        (no shield)
rNeg    + . .        e - +0 ring mail
rPois   .            (helmet restricted)
rElec   .            (no cloak)
rCorr   .            c - +1 pair of gloves
SInv    .            (no boots)
Will    .....        (no amulet)
Stlth   +            g - ring of positive energy
HPRegen 0.26/turn    (no ring)
MPRegen 0.09/turn

%: no passive effects
@: no status effects
A: horns 2, retaliatory headbutt
a: no special abilities


You were on level 3 of the Dungeon.
You visited 1 branch of the dungeon, and saw 4 of its levels.

You collected 165 gold pieces.


Innate Abilities, Weirdness & Mutations

You have a pair of horns on your head.
You reflexively headbutt those who attack you in melee.


   Skills:
 - Level 2.0 Fighting
 + Level 4.9 Ranged Weapons
 - Level 1.0 Armour
 - Level 2.1 Dodging
 - Level 1.0 Spellcasting
 - Level 2.0 Hexes


You had 4 spell levels left.
You knew the following spells:

 Your Spells              Type           Power      Damage    Failure   Level
a - Slow                  Hex            16%        N/A       34%         1

Your spell library contained the following spells:

 Spells                   Type           Power      Damage    Failure   Level
 Inner Flame              Hex/Fire       2%         N/A       83%         3
 Portal Projectile        Hex/Tloc       4%         N/A       83%         3
 Cause Fear               Hex            2%         N/A       98%         4

Inventory:

Hand Weapons
 Y - a +2 sling of draining (weapon)
Armour
 c - a +1 pair of gloves (worn)
 e - a +0 ring mail (worn)
Jewellery
 g - a ring of positive energy (left hand)

Dungeon Overview and Level Annotations

Branches:
Dungeon (4/15)
 Temple: D:4-7

Altars:
Cheibriados
Dithmenos
Qazlal
Vehumet
Zin
The Shining One

Shops:
D:3 =

Annotations:
D:3 Pikel


Message History

You shoot a sling bullet. The sling bullet hits the lemure.
The lemure is heavily wounded.
Pikel hits you with a +0 whip of flaming!
Pikel burns you. The lemure barely misses you.
2041 ||| STAIRDANCE Pikel barely misses you.
The lemure hits you.
You climb upwards.
There is a stone staircase leading down here.
Enter note:
Enter note:
Enter note:
Enter note:
Enter note:
Enter note:
Enter note:
Enter note:
Enter note:
Enter note:
Enter note:
Enter note:
Enter note: You shoot a sling bullet.
The sling bullet hits the lemure.
The lemure is heavily wounded.
The lemure hits you. Pikel hits you but does no damage.
You shoot a sling bullet.
The sling bullet hits the lemure but does no damage.
The lemure is heavily wounded.
The lemure barely misses you. You furiously retaliate!
You headbutt the lemure.
Pikel hits you with a +0 whip of flaming.
Pikel burns you.
You shoot a sling bullet. The sling bullet hits the lemure.
The lemure is almost dead.
The lemure hits you. Pikel barely misses you. You furiously retaliate!
You headbutt Pikel. The lemure closely misses you. You furiously retaliate!
You headbutt the lemure.
You kill the lemure!
That felt strangely unrewarding.
Pikel hits you with a +0 whip of flaming!
Pikel burns you.
You die...

.########.....#.#....##......#...
.....777777...#.#.......####...#.
####.....\7####.#[...#### ##....
##777777..?#..[...# #.....
#(#####.###)..## #.####
######.#####.###...# #.#
##)........##.###...# ######.####
.#.####.##.##.###...###.......#..
.#.# #.......)K@..........#..#.#
...# #............(.......#..#.#
.### ####........................
.# #....#####)#...#.#.####..#.#
## #.#### #.#...#.#.####..#.# #%#
#.#...#.#.......#.. ## #.#
#.#...#.######..... .#
#.########.......# ###### .#
#.....#.####...####### #


You could see Pikel.

Vanquished Creatures
  A lemure (D:3)
  3 adders
  3 worms
  2 dart slugs
  6 orcs (D:3)
  4 bats
  3 endoplasms
  4 giant cockroaches
  6 goblins
  7 hobgoblins
  A quokka (D:1)
  7 ball pythons
  6 frilled lizards
  2 kobolds
  4 rats
59 creatures vanquished.

Notes
Turn   | Place    | Note
-------+----------+-------------------------------------------
     0 | D:1      | qw the Minotaur Hexslinger began the quest for the Orb.
     0 | D:1      | Reached XP level 1. HP: 16/16 MP: 1/1
     0 | D:1      | 0 ||| qw: Version: 0.3-a-52-g30416fa
     0 | D:1      | 0 ||| qw: Game counter: 6811
     0 | D:1      | 0 ||| qw: Melee chars always use a shield: true
     0 | D:1      | 0 ||| qw: God list: Okawaru
     0 | D:1      | 0 ||| qw: Allow faded altars: false
     0 | D:1      | 0 ||| qw: Do Orc after clearing Dungeon:15 true
     0 | D:1      | 0 ||| qw: Do second Lair branch before Depths: true
     0 | D:1      | 0 ||| qw: Lair rune preference: random
     0 | D:1      | 0 ||| qw: Goals: Normal
     0 | D:1      | 0 ||| PLANNING D:1-11
   137 | D:1      | Reached skill level 3 in Ranged Weapons
   255 | D:1      | Reached XP level 2. HP: 20/23 MP: 2/2
   622 | D:1      | Found a faded altar of an unknown god.
   889 | D:1      | 889 ||| UPGRADING to +0 ring mail.
   899 | D:1      | 899 ||| DROPPING +0 robe.
   900 | D:1      | 900 ||| UPGRADING to ring of positive energy.
   901 | D:1      | 901 ||| READING scroll labelled XUCKEAWUSA.
   902 | D:1      | 902 ||| READING scroll labelled RUEHOT TEIRUOX.
   903 | D:1      | 903 ||| DROPPING scroll of poison.
   962 | D:2      | Reached XP level 3. HP: 29/29 MP: 3/3
  1088 | D:2      | Reached skill level 4 in Ranged Weapons
  1134 | D:2      | Reached skill level 1 in Armour
  1157 | D:2      | 1157 ||| FLEEEEING.
  1377 | D:2      | 1377 ||| READING scroll labelled FOAJUC AWEETI.
  1378 | D:2      | 1378 ||| READING scroll labelled DEICUI FEQOIBA.
  1379 | D:2      | 1379 ||| READING scroll labelled FURINUNONG.
  1380 | D:2      | 1380 ||| READING scroll labelled OSAIPR IKHLOPN.
  1449 | D:3      | Found a shadowy altar of Dithmenos.
  1449 | D:3      | Found a stormy altar of Qazlal.
  1452 | D:3      | Found a glowing silver altar of Zin.
  1460 | D:3      | Found a radiant altar of Vehumet.
  1525 | D:3      | Reached XP level 4. HP: 33/36 MP: 4/4
  1703 | D:3      | Found a glowing golden altar of the Shining One.
  1771 | D:3      | Found a snail-covered altar of Cheibriados.
  1876 | D:3      | Found Paxo's Jewellery Shop.
  1885 | D:3      | 1885 ||| SHOPLISTING +4 ring of protection (432 gold, have
                  | 165).
  1885 | D:3      | 1885 ||| SHOPLISTING +5 ring of evasion (432 gold, have
                  | 165).
  1885 | D:3      | 1885 ||| SHOPLISTING +6 ring of dexterity (432 gold, have
                  | 165).
  1885 | D:3      | 1885 ||| SHOPLISTING amulet of reflection (360 gold, have
                  | 165).
  1885 | D:3      | 1885 ||| SHOPLISTING amulet of the acrobat (360 gold, have
                  | 165).
  1885 | D:3      | 1885 ||| SHOPLISTING ring of Afitiess {rN+ Int+2} (374
                  | gold, have 165).
  2015 | D:3      | 2015 ||| UPGRADING to +1 pair of gloves.
  2020 | D:3      | 2020 ||| DROPPING ring of wizardry.
  2021 | D:3      | 2021 ||| READING 3 scrolls labelled ITHASULAINT.
  2022 | D:3      | 2022 ||| READING scroll labelled JOGURO AJUKLE.
  2023 | D:3      | 2023 ||| DROPPING 2 scrolls of revelation.
  2032 | D:4      | Noticed a lemure
  2032 | D:4      | Noticed a lemure
  2034 | D:4      | Noticed Pikel
  2035 | D:4      | Noticed a lemure
  2036 | D:4      | Noticed a lemure
  2041 | D:4      | 2041 ||| STAIRDANCE
  2045 | D:3      | HP: 9/36 [lemure[Pikel] (6)]
  2045 | D:3      | Killed a lemure
  2045 | D:3      | HP: 2/36 [Pikel/+0 whip of flaming (7)]
  2045 | D:3      | Slain by Pikel

Levels and vault maps discovered:
D:1:      psy_arrival_basics, layout_basic,
          shapermc_ecumenical_altar_starsandcircs
D:2:      layout_rooms
D:3:      layout_loops_cross, cheibriados_altar_1, tso_oasis_becter,
          nicolae_overflow_quartered_altars, serial_shops,
          nicolae_shop_peninsula
D:4:      layout_loops_cross, nicolae_ru_sacrificial_ziggurat, serial_shops,
          shop, shop, kennysheep_little_box, shop_fountains,
          nicolae_shop_temple_entry_statues_fountains, uniq_duvessa, uniq_pikel

Skill      XL: |  1  2  3 |
---------------+----------+-----
Ranged Weapons | 3 4 |  4.9
Fighting       | 2 |  2.0
Armour         | 1 |  1.0
Dodging        | |  2.1
Spellcasting   | |  1.0
Hexes          | |  2.0

Action                     |  1- 3 |  4- 6 || total
---------------------------+-------+-------++-------
   Fire: Sling             |   127 |    35 ||   162
    Use: Scroll            |     6 |     2 ||     8
 Armour: Robe              |     3 |       ||     3
         Ring mail         |    14 |     8 ||    22
  Dodge: Dodged            |    16 |    17 ||    33

Table legend:
 A = Non-vault XP
 B = Vault XP
 C = Vault XP percentage of total XP
 D = Non-vault monster count
 E = Vault monster count
 F = Vault count percentage of total count
                 A         B        C        D         E       F
            +---------+---------+-------+---------+---------+-------
      Total |     150 |       0 |   0.0 |      58 |       0 |   0.0
            +---------+---------+-------+---------+---------+-------
        D:1 |      34 |       0 |   0.0 |      20 |       0 |   0.0
        D:2 |      54 |       0 |   0.0 |      23 |       0 |   0.0
        D:3 |      62 |       0 |   0.0 |      15 |       0 |   0.0
            +---------+---------+-------+---------+---------+-------
